Map: Central Protocol

Players

Andrew - Winner!

  • Race: Zerg Zerg
  • League: Master

Miszu

  • Race: Terran Terran
  • League: Master

VOD

Have the link to the VOD?

Description

Time

  • Played on: March 15, 2016, 4:04 p.m.
  • Length: 3:20
Show
View Real Time Build Order
Export as new Build Order

Andrew Zerg - Winner!

Build Orders: Hatch First 

Get SALT Encoding   

  12  0:01  Drone  
  13  0:12  Overlord  
  13  0:17  Drone  
  14  0:30  Drone x2  
  14  0:34  Drone  
  17  0:48  Drone  
  18  0:56  Hatchery  
  17  0:59  Drone  
  17  1:02  Extractor  
  17  1:12  Spawning Pool  
  17  1:16  Drone  
  17  1:19  Drone  
  18  1:29  Drone  
  19  1:38  Overlord  
  19  1:59  Queen  
  19  2:00  Zergling x2  
  22  2:01  Zergling x2  
  22  2:08  Queen  
  23  2:09  Zergling x2  
  23  2:14  Drone  
  27  2:25  Drone  
  27  2:35  Drone x2  
  29  2:41  Queen  
  29  2:43  Zergling x4  
  29  2:44  Queen  
  33  2:49  Zergling x2  
  36  2:56  Overlord  
Show
View Real Time Build Order
Export as new Build Order

Miszu Terran 

Build Orders: Reaper Expand 

Get SALT Encoding   

  12  0:00  SCV  
  13  0:12  SCV  
  14  0:17  Supply Depot  
  14  0:25  SCV  
  15  0:39  SCV  
  15  0:41  Barracks  
  16  0:44  Refinery  
  16  0:51  SCV  
  17  1:03  SCV  
  18  1:19  SCV  
  19  1:28  Reaper  
  19  1:31  Orbital Command  
  20  1:40  Command Center  
  20  1:48  Supply Depot  
  20  1:55  Refinery  
  20  1:57  SCV  
  21  2:01  Barracks Reactor  
  21  2:09  SCV  
  22  2:21  SCV  
  23  2:29  Factory  
  23  2:33  SCV  
  24  2:39  Marine x2  
  24  2:42  Bunker  
  26  2:45  SCV  
  27  2:52  Orbital Command  
  27  2:57  SCV  
  31  3:16  Starport  
  31  3:17  Factory Tech Lab  
Tags
 
Add a new tag
Caveats
  • Supply blocks, unpowered buildings, or Contaminate may cause inaccurate times.
  • Supply counts are checked every 10 seconds.